 Dungeon Crawl Stone Soup version 0.28-a0-500-g121bc3e445 (webtiles) character file.

Game seed: 10612033014364765479

50 avis the Insei (level 3, -1/23 (24) HPs)
             Began as an Octopode Transmuter on Sept 19, 2021.
             Slain by Crazy Yiuf (12 damage)
             ... on level 2 of the Dungeon.
             The game lasted 00:12:26 (3045 turns).

avis the Insei (Octopode Transmuter)                Turns: 3045, Time: 00:12:27

HP:   -1/23 (24)    AC:  2    Str: 10    XL:     3   Next: 79%
MP:   3/6           EV: 19    Int: 15    God:
Gold: 66            SH:  0    Dex: 17    Spells: 2/6 levels left

rFire   . . .      SeeInvis .     - Unarmed
rCold   . . .      Faith    .   (shield currently unavailable)
rNeg    . . .      Spirit   .   (helmet currently unavailable)
rPois   x          Reflect  .   (no amulet)
rElec   .          Harm     .   (no ring)
rCorr   .          Rampage  .   (no ring)
Will    .....                   (no ring)
Stlth   ++........              (no ring)
HPRegen 0.07/turn               (no ring)
MPRegen 0.10/turn               (no ring)
                                (no ring)
                                (no ring)

@: spider-form (expiring), slowed, lightly drained, very slow
A: venomous fangs, almost no armour, (amphibious), 8 rings, tiny, (camouflage
1), (gelatinous body 1), (nimble swimmer 1), (tentacles)
a: End Transformation


You were on level 2 of the Dungeon.
You were a venomous arachnid creature.
You visited 1 branch of the dungeon, and saw 2 of its levels.

You collected 66 gold pieces.

Inventory:

Hand Weapons
 e - a +0 dagger
 h - a +0 longbow
 l - a +0 hunting sling
Missiles
 b - a throwing net
 d - 30 arrows
 f - 108 stones
Scrolls
 c - 4 scrolls of identify {unknown}
 i - a scroll of enchant armour {unknown}
 k - a scroll of vulnerability {unknown}
Potions
 a - a potion of attraction {unknown}
 g - 2 potions of lignification {unknown}
 j - a potion of might {unknown}
 m - a potion of curing {unknown}
 n - a potion of haste


   Skills:
 - Level 2.0 Fighting
 - Level 2.0 Dodging
 - Level 1.0 Stealth
 - Level 3.0 Unarmed Combat
 - Level 2.0 Spellcasting
 - Level 3.0 Transmutations
 + Level 1.7 Poison Magic


You had 2 spell levels left.
You knew the following spells:

 Your Spells              Type           Power      Damage    Failure   Level
a - Beastly Appendage     Tmut           20%        N/A       17%         1
p - Spider Form           Tmut/Pois      4%         N/A       47%         3

Your spell library contained the following spells:

 Spells                   Type           Power      Damage    Failure   Level
 Wereblood                Tmut           10%        N/A       24%         2
 Ice Form                 Ice/Tmut       6%         N/A       89%         4


Dungeon Overview and Level Annotations

Branches:
Dungeon (2/15)

Altars:

Annotations:
D:2 exclusion: door, Crazy Yiuf


Innate Abilities, Weirdness & Mutations

You are a venomous arachnid creature.
You have poisonous fangs.
You are tiny and dextrous.
Your spellcasting is less reliable in this form.
Your armour is entirely melded.
You are incapable of wielding weapons or throwing items.
You cannot wear most types of armour.
((You are amphibious.))
You can wear up to eight rings at the same time.
((Your skin changes colour to match your surroundings (Stealth+).))
((Your rubbery body absorbs attacks. (AC +1, EV +1)))
((You are camouflaged near water. (Stealth+)))
((You have tentacles for arms and can constrict up to eight enemies at once.))


Message History

Casting: Spider Form (extremely dangerous; 26% risk of failure)
Confirm with . or Enter, or press ? or * to list all spells.
The spell is extremely dangerous to cast (26% risk of failure)!
Continue anyway?
You miscast Spider Form.
You are very lightly contaminated with residual magic.
Nothing appears to happen.
You start resting.
Crazy Yiuf shouts!
Your magical contamination has completely faded away.
You start resting.
Magic restored.
Casting: Spider Form (extremely dangerous; 26% risk of failure)
Confirm with . or Enter, or press ? or * to list all spells.
The spell is extremely dangerous to cast (26% risk of failure)!
Continue anyway?
You turn into a venomous arachnid creature.
This door is marked as excluded!
Open it anyway?
As you open the door, it creaks loudly!
You hit Crazy Yiuf but do no damage.
Crazy Yiuf is poisoned.
Crazy Yiuf misses you.
You hit Crazy Yiuf but do no damage.
Crazy Yiuf looks even sicker.
Crazy Yiuf drinks a potion.
Crazy Yiuf seems to speed up.
You hit Crazy Yiuf.
Crazy Yiuf looks as sick as possible!
Crazy Yiuf is moderately wounded.
Your transformation is almost over.
Crazy Yiuf hits you with a +3 quarterstaff of chaos!
You feel yourself slow down.
You hit Crazy Yiuf but do no damage.
Crazy Yiuf looks as sick as possible!
Crazy Yiuf is moderately wounded.
Crazy Yiuf hits you with a +3 quarterstaff of chaos.
You feel drained. Crazy Yiuf misses you.
You hit Crazy Yiuf but do no damage.
Crazy Yiuf looks as sick as possible!
Crazy Yiuf is heavily wounded.
Crazy Yiuf misses you.
Crazy Yiuf yells, "Rifle action meccalolo!"
Crazy Yiuf misses you.
You hit Crazy Yiuf but do no damage.
Crazy Yiuf looks as sick as possible!
Crazy Yiuf is severely wounded.
Crazy Yiuf hits you with a +3 quarterstaff of chaos!
Ouch! That really hurt!
You die...

...# #.# ###..##
...######.##### ##.#
.......##.....# #.#
...###.######## ### ##
...###...# ##.
.......###
♣♣♣♣♣########..
######.# ###
♣♣♣.♣.P.......... .#
#.#
#...#♣..♣.......####.>
.# #.#
#...gs♣♣♣♣P.....# ##.
.#####.# #)..#♣♣
♣♣P...## ## .##....###
### ♣♣#### #
.##.##>..# #
.......### # .##.####
######### # .##.#
#.....#.# # ....#
##.#.##.# # .####
#.#.##.# #


You could see Crazy Yiuf (fast, extremely poisoned).

Vanquished Creatures
  4 endoplasms
  6 goblins
  6 hobgoblins
  5 jackals (D:1)
  3 quokkas
  3 ball pythons
  8 bats
  2 frilled lizards (D:1)
  4 kobolds
  3 rats (D:2)
44 creatures vanquished.

Vanquished Creatures (others)
  13 plants (D:2)
13 creatures vanquished.

Grand Total: 57 creatures vanquished

Notes
Turn   | Place    | Note
-------+----------+-------------------------------------------
     0 | D:1      | avis the Octopode Transmuter began the quest for the Orb.
     0 | D:1      | Reached XP level 1. HP: 13/13 MP: 3/3
   296 | D:1      | Reached XP level 2. HP: 17/19 MP: 3/5
   414 | D:1      | Reached skill level 1 in Stealth
   876 | D:1      | Reached XP level 3. HP: 24/24 MP: 4/6
   887 | D:1      | Learned a level 3 spell: Spider Form
  1401 | D:2      | Reached skill level 1 in Poison Magic
  2225 | D:2      | Found a runed translucent door.
  2226 | D:2      | Noticed Crazy Yiuf
  3045 | D:2      | Slain by Crazy Yiuf

Illustrated notes

Levels and vault maps discovered:
D:1:      mrwooster_arrival_statue_3, layout_loops_ring, minmay_misc_feat_plants
D:2:      layout_loops_ring, wad_woods_river_04,
          corexii_item_surrounded_by_moat, wad_floor_pattern_1,
          minmay_splitting_lines, uniq_crazy_yiuf_cottage

Skill      XL: |  1  2  3 |
---------------+----------+-----
Fighting       | 2 |  2.0
Stealth        | 1 |  1.0
Transmutations | 3 |  3.0
Poison Magic   | 1 |  1.7
Dodging        | |  2.0
Unarmed Combat | |  3.0
Spellcasting   | |  2.0

Action                   || total
-------------------------++-------
Melee: Unarmed           ||   155
       Kick              ||    19
       Constrict         ||    25
       Tentacles         ||    23
       Punch             ||     1
 Cast: Beastly Appendage ||    21
       Spider Form       ||    10
 Stab: Sleeping          ||    12
Armor: Skin              ||     4
Dodge: Dodged            ||    33

Table legend: (Time is in decaauts)
 A = Elapsed time spent in this place.
 B = Non-inter-level travel time spent in this place.
 C = Inter-level travel time spent in this place.
 D = Time resting spent in this place.
 E = Time spent auto-exploring this place.
 F = Levels seen in this place.
 G = Mean time per level.
                   A        B        C        D        E       F      G
               +--------+--------+--------+--------+--------+-----+--------+
         Total |   3038 |   2902 |    136 |   1044 |   1199 |   2 | 1519.0 |
       Dungeon |   3038 |   2902 |    136 |   1044 |   1199 |   2 | 1519.0 |
               +--------+--------+--------+--------+--------+-----+--------+

Top non-repeatable levels by time:
     D:2: 1591 daAuts
     D:1: 1447 daAuts
